 Dungeon Crawl Stone Soup version 0.19.1 (webtiles) character file.

132 Mesmaeker13 the Cudgeler (level 5, -2/55 HPs)
             Began as an Ogre Gladiator on Nov 25, 2016.
             Slain by a worm (8 damage)
             ... on level 3 of the Dungeon.
             The game lasted 00:04:11 (2337 turns).

Mesmaeker13 the Cudgeler (Ogre Gladiator)           Turns: 2337, Time: 00:04:11

Health: -2/55      AC:  3    Str: 20      XL:     5   Next: 15%
Magic:  5/5        EV: 11    Int:  5 (6)  God:
Gold:   59         SH:  0    Dex: 10      Spells: 0 memorised, 4 levels left

rFire  . . .     SeeInvis .     a - +0 flail
rCold  . . .     Gourm    .     b - +0 robe
rNeg   . . .     Faith    .     (no shield)
rPois  .         Spirit   .     c - +0 hat
rElec  .         Reflect  .     (no cloak)
rCorr  .         Harm     .     (gloves unavailable)
MR     .....                    (boots unavailable)
Stlth  +.........               (no amulet)
                                (no ring)
                                (no ring)

@: no status effects
A: unfitting armour, claws 1, deterioration 1, dopey 1, tough skin 1
a: no special abilities


You were on level 3 of the Dungeon.
You were hungry.

You visited 1 branch of the dungeon, and saw 3 of its levels.

You collected 59 gold pieces.

Inventory:

Hand Weapons
 a - a +0 flail (weapon)
Missiles
 m - 8 tomahawks (quivered)
 n - 33 poisoned needles
 o - 7 curare-tipped needles
Armour
 b - a +0 robe (worn)
 c - a +0 hat (worn)
 j - a +0 helmet
Scrolls
 e - a scroll of amnesia
 p - a scroll of blinking
 q - a scroll of enchant armour {unknown}
 r - a scroll of magic mapping
Comestibles
 f - a bread ration
 g - a chunk of flesh
 l - a meat ration
 t - a royal jelly


   Skills:
 + Level 4.4 Fighting
 + Level 5.3 Maces & Flails
 - Level 2.0 Throwing
 + Level 3.8 Dodging


You had 4 spell levels left.
You didn't know any spells.

Dungeon Overview and Level Annotations

Branches:
Dungeon (3/15)

Altars:


Innate Abilities, Weirdness & Mutations

You are too large for most types of armour.
You have tough skin. (AC +1)
You have sharp fingernails.
Your body sometimes deteriorates upon taking damage.
You are dopey. (Int -2)


Message History

The gnoll hits you with a spear.
* * * LOW HITPOINT WARNING * * *
You feel much better.
You feel sick. The gnoll hits you with a spear.
You barely miss the gnoll.
The gnoll is heavily wounded.
The gnoll barely misses you.
You barely miss the gnoll.
The gnoll is heavily wounded.
The gnoll hits you with a spear!
* * * LOW HITPOINT WARNING * * *
You hit the gnoll.
The gnoll is severely wounded.
The gnoll hits you with a spear.
* * * LOW HITPOINT WARNING * * *
You sock the gnoll!
You kill the gnoll!
You feel sick.
You are no longer poisoned.
The worm bites you!
You die...

#########.#.# #
#.#.#
#########.#.######
..................
####........######
# #.####.### # #
#.# # #.##########
# #.......@w.# #
##########.# # #.#
#(# #w# ###.#
#.)(# #.### #(#


You could see a worm.

Vanquished Creatures
  An orc wizard (D:3)
  3 gnolls (D:3)
  An adder (D:2)
  A worm (D:2)
  3 dart slugs
  3 leopard geckos
  4 orcs (D:3)
  A ball python (D:1)
  7 bats
  4 giant cockroaches
  3 hobgoblins (D:1)
  5 frilled lizards
  6 goblins
  6 kobolds
  10 rats
58 creatures vanquished.

Notes
Turn   | Place    | Note
-------+----------+-------------------------------------------
     0 | D:1      | Mesmaeker13 the Ogre Gladiator began the quest for the Orb.
     0 | D:1      | Reached XP level 1. HP: 22/22 MP: 1/1
   128 | D:1      | Reached XP level 2. HP: 10/31 MP: 2/2
   892 | D:1      | Reached XP level 3. HP: 39/39 MP: 3/3
  1559 | D:2      | Reached XP level 4. HP: 48/48 MP: 4/4
  2237 | D:3      | Gained mutation: You have sharp fingernails. [potion of mutation]
  2237 | D:3      | Gained mutation: Your body sometimes deteriorates upon taking damage. [potion of mutation]
  2237 | D:3      | Gained mutation: You are dopey. (Int -2) [potion of mutation]
  2295 | D:3      | Reached skill level 5 in Maces & Flails
  2312 | D:3      | Reached XP level 5. HP: 47/55 MP: 5/5
  2337 | D:3      | Slain by a worm

Skill      XL: |  1  2  3  4 |
---------------+-------------+-----
Fighting       | 3 4 |  4.4
Dodging        | 3 |  3.8
Maces & Flails | 5 |  5.3
Throwing       | |  2.0

Action                   |  1- 3 |  4- 6 || total
-------------------------+-------+-------++-------
Melee: Flail             |   105 |    48 ||   153
Throw: Throwing net      |     3 |     5 ||     8
  Use: Scroll            |       |     7 ||     7
       Potion            |       |     2 ||     2
 Stab: Sleeping          |     1 |       ||     1
  Eat: Chunk             |     2 |     2 ||     4
Armor: Robe              |    34 |     4 ||    38
Dodge: Dodged            |    61 |    16 ||    77
